 Dungeon Crawl Stone Soup version 0.32-a0-471-gb91d5d9764 (webtiles) character file.

Game seed: 4380926267503060018

0 Goblin1989 the Sneak (level 1, 0/18 HPs)
             Began as a Demonspawn Delver on Feb 25, 2024.
             Slain by a ribbon worm (6 damage)
             ... on level 3 of the Dungeon.
             The game lasted 00:02:54 (233 turns).

Goblin1989 the Sneak (Demonspawn Delver)             Turns: 233, Time: 00:02:55

Health: 0/18       AC:  3    Str: 12    XL:     1   Next: 8%
Magic:  1/1        EV: 11    Int: 10    God:
Gold:   0          SH:  0    Dex: 14    Spells: 0/0 levels left

rFire   . . .        a - +0 short sword
rCold   . . .        (no shield)
rNeg    . . .        b - +0 leather armour
rPois   .            (no helmet)
rElec   .            (no cloak)
rCorr   .            (no gloves)
SInv    .            (no boots)
Will    .....        (no amulet)
Stlth   ++           (no ring)
HPRegen 0.23/turn    (no ring)
MPRegen 0.07/turn

%: no passive effects
@: no status effects
A: no striking features
a: no special abilities


You were on level 3 of the Dungeon.
You visited 1 branch of the dungeon, and saw 3 of its levels.

Inventory:

Hand Weapons
 a - a +0 short sword (weapon)
Missiles
 i - 6 stones (quivered)
Armour
 b - a +0 leather armour (worn)
 k - the +8 chain mail of Duonoump {rF+ Int+4}
   (You found it on level 5 of the Dungeon)

   Int+4:     It affects your intelligence (+4).
   rF+:       It protects you from fire.
Wands
 g - a wand of digging (3) {@v3}
 j - a wand of iceblast (9) {@v5}
Scrolls
 c - a scroll of fog
 h - a scroll of teleportation {unknown}
Potions
 f - a potion of haste {@q3,}
 l - a potion of invisibility {unknown}


   Skills:
 - Level 3.0 Fighting
 + Level 1.7 Short Blades
 * Level 0.0 Armour
 + Level 1.7 Dodging
 + Level 4.5 Stealth


You couldn't memorise any spells.
You didn't know any spells.
Your spell library was empty.

Dungeon Overview and Level Annotations

Branches:
Dungeon (5/15) Zot: 17767
 Temple: D:4-7

Altars:


Message History

As you read the scroll of revelation, it crumbles to dust.
You feel aware of your surroundings.
There is an open door here.
You see here a +0 short sword.
You open the door.
Found a stone staircase leading up.
There is an open door here.
An ogre comes into view. It is wielding a +0 giant club.
The ogre shouts!
There is a stone staircase leading up here.
As you read the scroll of fear, it crumbles to dust.
You assume a fearsome visage.
The ogre looks frightened!
You climb upwards.
Found a short sword.
There is a stone staircase leading down here.
You open the door.
There is an open door here.
A hound comes into view.
You open the door.
There is an open door here.
You open the door.
There is an open door here.
You open the door.
There is an open door here.
You open the door.
Found a metallic coppery potion.
There is an open door here.
l - a metallic coppery potion You open the door.
There is an open door here.
You open the door.
There is an open door here.
You open the door.
There is an open door here.
You open the door.
Found a stone staircase leading up.
There is an open door here.
There is a stone staircase leading up here.
You climb upwards.
There is a stone staircase leading down here.
A ribbon worm comes into view.
The helpless kobold fails to defend itself.
You puncture the kobold!
You kill the kobold!
Things that are here:
a +0 club; 6 poisoned darts
Found a scroll labelled YCOPISCH CABADD.
You start waiting.
A ribbon worm is nearby!
The ribbon worm barely misses you.
You barely miss the ribbon worm.
The ribbon worm expels a string of sticky webbing.
The stream of webbing misses you.
You hit the ribbon worm.
The ribbon worm is lightly wounded.
You hit the ribbon worm.
The ribbon worm is moderately wounded.
The ribbon worm bites you.
You take 2 damage, and have 16/18 hp.
You barely miss the ribbon worm.
The ribbon worm is lightly wounded.
The ribbon worm bites you!
You take 7 damage, and have 9/18 hp.
MASSIVE DAMAGE!!
You hit the ribbon worm.
The ribbon worm is lightly wounded.
The ribbon worm closely misses you.
You hit the ribbon worm.
The ribbon worm is moderately wounded.
You hit the ribbon worm.
The ribbon worm is moderately wounded.
The ribbon worm bites you but does no damage.
You hit the ribbon worm.
The ribbon worm is heavily wounded.
The ribbon worm expels a string of sticky webbing.
The stream of webbing hits you but does no damage.
You are caught in a web!
The web tears apart.
The ribbon worm bites you but does no damage.
You hit the ribbon worm.
The ribbon worm is heavily wounded.
You hit the ribbon worm but do no damage.
The ribbon worm is heavily wounded.
The ribbon worm misses you.
You hit the ribbon worm but do no damage.
The ribbon worm is heavily wounded.
The ribbon worm barely misses you.
You hit the ribbon worm.
The ribbon worm is heavily wounded.
You hit the ribbon worm.
The ribbon worm is heavily wounded.
The ribbon worm expels a string of sticky webbing.
The stream of webbing hits you but does no damage.
You are caught in a web!
The web tears apart.
The ribbon worm bites you.
* * * LOW HITPOINT WARNING * * *
You take 5 damage, and have 6/18 hp.
MASSIVE DAMAGE!!
You barely miss the ribbon worm.
The ribbon worm is heavily wounded.
The ribbon worm bites you.
You die...

█.. █.█ █.█
█.███.███.█
█.....>...█
█████.█████
█.█
█w██████.█?
█.@.......█


███████████ You could see a ribbon worm (catching breath).

Vanquished Creatures
  A kobold (D:3)
1 creature vanquished.

Notes
Turn   | Place    | Note
-------+----------+-------------------------------------------
     0 | D:5      | Goblin1989 the Demonspawn Delver began the quest for the
                  | Orb.
     0 | D:5      | Reached XP level 1. HP: 18/18 MP: 1/1
    70 | D:5      | Identified the +8 chain mail of Duonoump {rF+ Int+4}
   142 | D:5      | Noticed an ogre
   155 | D:4      | Noticed a hound
   233 | D:3      | Slain by a ribbon worm

Illustrated notes

Levels and vault maps discovered:
D:3:      layout_loops_corners, mainiacjoe_overflow_alcove_2, serial_shops,
          shop, uniq_robin
D:4:      layout_gridville, serial_shops, nicolae_shop_rolling_square,
          nicolae_shop_firing_range, uniq_eustachio
D:5:      layout_gridville

Action                     || total
---------------------------++-------
  Melee: Short sword       ||    15
    Use: Scroll            ||     2
   Stab: Sleeping          ||     1
 Armour: Leather armour    ||     6
  Dodge: Dodged            ||     5

Table legend: (Time is in decaauts)
 A = Elapsed time spent in this place.
 B = Non-inter-level travel time spent in this place.
 C = Inter-level travel time spent in this place.
 D = Time resting spent in this place.
 E = Time spent auto-exploring this place.
 F = Levels seen in this place.
 G = Mean time per level.
                   A        B        C        D        E       F      G
               +--------+--------+--------+--------+--------+-----+--------+
         Total |    231 |    194 |     37 |      5 |      0 |   3 |   77.0 |
       Dungeon |    231 |    194 |     37 |      5 |      0 |   3 |   77.0 |
               +--------+--------+--------+--------+--------+-----+--------+

Top non-repeatable levels by time:
     D:5: 148 daAuts
     D:4: 56 daAuts
     D:3: 26 daAuts
